 Dungeon Crawl Stone Soup version 0.17.1-3-g152610e (webtiles) character file.

457 inmateoo the Firebug (level 6, -8/32 HPs)
             Began as a Deep Elf Fire Elementalist on Feb 22, 2016.
             Mangled by an ogre
             ... wielding a +0 giant club
              (25 damage)
             ... on level 5 of the Dungeon.
             The game lasted 00:06:18 (2842 turns).

inmateoo the Firebug (Deep Elf Fire Elementalist)   Turns: 2842, Time: 00:06:18

Health: -8/32      AC:  4    Str:  5    XL:     6   Next: 77%
Magic:  14/14      EV: 14    Int: 22    God:
Gold:   62         SH:  0    Dex: 15    Spells: 2 memorised, 10 levels left

rFire  . . .     SeeInvis .     l - +2 dagger (elec)
rCold  . . .     Clarity  .     a - +0 robe
rNeg   + . .     SustAt   .     (no shield)
rPois  .         Gourm    .     (no helmet)
rElec  .         Spirit   .     o - +1 cloak
rCorr  .         Warding  +     (no gloves)
rMut   .         Stasis   .     (no boots)
MR     .....                    s - amulet of warding
Stlth  +++.......               (no ring)
                                (no ring)

@: very slightly contaminated, not resistant to hostile enchantments, fairly
stealthy
A: no striking features
a: no special abilities


You were on level 5 of the Dungeon.
You were not hungry.

You visited 1 branch of the dungeon, and saw 5 of its levels.

You collected 132 gold pieces.
You spent 70 gold pieces at shops.

Inventory:

Hand Weapons
 k - a +1 spear of venom
 l - a +2 dagger of electrocution (weapon)
 n - a +0 dagger of venom
Armour
 a - a +0 robe (worn)
 o - a +1 cloak (worn)
Jewellery
 j - an uncursed amulet of resist mutation
 s - an amulet of warding (around neck)
Scrolls
 e - a scroll of recharging
 g - a scroll of remove curse
 q - a scroll of identify
Potions
 d - 2 potions of brilliance
 p - a potion of heal wounds
Books
 b - a book of Flames

   Spells                             Type                      Level
   a - Flame Tongue                   Conjuration/Fire             1
   b - Throw Flame                    Conjuration/Fire             2
   c - Conjure Flame                  Conjuration/Fire             3
   d - Inner Flame                    Hexes/Fire                   3
   e - Sticky Flame                   Conjuration/Fire             4
   f - Fireball                       Conjuration/Fire             5
Comestibles
 c - 3 bread rations
 f - 2 slices of pizza
 r - 4 chunks of flesh
 t - a beef jerky


   Skills:
 + Level 4.2 Dodging
 + Level 4.4 Stealth
 + Level 4.6 Spellcasting
 + Level 3.2 Conjurations
 * Level 5.5 Fire Magic


You had 10 spell levels left.
You knew the following spells:

 Your Spells              Type           Power        Failure   Level  Hunger
a - Flame Tongue          Conj/Fire      ###..        1%          1    None
b - Conjure Flame         Conj/Fire      ###.....     6%          3    ##.....


Dungeon Overview and Level Annotations

Branches:
Dungeon (5/15)
 Temple: D:4-7

Altars:
Okawaru
Yredelemnul
Zin

Shops:
D:4 *[(!

Annotations:
D:3 2 exclusions


Message History

Read which item? (? for menu, Esc to quit)
Blink to where?
Press: ? - help, Dir - move target cursor You are very lightly contaminated with residual magic.
As you read the scroll labeled HUCSYTWOQI, it crumbles to dust.
It was a scroll of blinking.
Read which item? (? for menu, Esc to quit)
As you read the scroll labeled XITZUO JIOSAFA, it crumbles to dust.
You feel strangely unstable.
It was a scroll of teleportation.
Read which item? (? for menu, Esc to quit)
As you read the scroll labeled QIFYAQOSIN, it crumbles to dust.
It is a scroll of enchant armour.
Enchant which item? (? for menu, Esc to quit)
Your +0 cloak glows green for a moment.
Your surroundings suddenly seem different.
Found a beef jerky, a fuming amethyst potion and a short bronze wand.
An ogre and a skeleton come into view.
The ogre hits you with a giant club!!
Ouch! That really hurt!
You die...

####++####
##........##
##..........##
##............##
#..............##
.....%..........#
.................
.Z.....@.........
......#/O#.......
..... .##........
.... .. ........
... ..# #.......
.. ... ....... .
.... ...... ....
....


You could see an ogre and a centaur skeleton (dormant).

Vanquished Creatures
  An ogre (D:4)
  The ghost of F1L1N the Skirmisher, an amateur GrBe of Trog (D:3)
  A water moccasin skeleton (D:4)
  3 orc wizards (D:3)
  2 worker ants (D:4)
  A giant frog skeleton (D:3)
  3 adders (D:2)
  A worm (D:2)
  4 giant geckos
  5 orcs (D:3)
  5 giant cockroaches
  4 hobgoblins
  6 kobolds
  A ball python (D:2)
  7 bats
  4 giant newts
  7 goblins
  A jackal skeleton (D:4)
  A rat (D:3)
58 creatures vanquished.

Notes
Turn   | Place    | Note
--------------------------------------------------------------
     0 | D:1      | inmateoo the Deep Elf Fire Elementalist began the quest for the Orb.
     0 | D:1      | Reached XP level 1. HP: 10/10 MP: 6/6
    60 | D:1      | Reached XP level 2. HP: 15/15 MP: 4/8
   448 | D:2      | Reached XP level 3. HP: 6/19 MP: 0/9
   485 | D:2      | Learned a level 3 spell: Conjure Flame
   662 | D:2      | Found an iron altar of Okawaru.
   872 | D:2      | Reached skill level 4 in Fire Magic
  1181 | D:3      | Found a basalt altar of Yredelemnul.
  1190 | D:3      | Reached XP level 4. HP: 16/24 MP: 5/11
  1420 | D:3      | Found a faded altar to an unknown god.
  1536 | D:3      | Noticed F1L1N's ghost (amateur GrBe)
  1607 | D:3      | Killed F1L1N's ghost
  1607 | D:3      | Reached XP level 5. HP: 28/28 MP: 4/13
  2065 | D:3      | Reached skill level 5 in Fire Magic
  2065 | D:3      | Reached XP level 6. HP: 25/32 MP: 10/14
  2290 | D:4      | Found Vetsupn's Antique Weapon Shop.
  2491 | D:4      | Found Jiduh's Distillery.
  2494 | D:4      | Bought a potion of heal wounds for 70 gold pieces
  2516 | D:4      | Found Ismerph's General Store.
  2739 | D:4      | Found Qoatir's Armour Shop.
  2814 | D:4      | Found a glowing silver altar of Zin.
  2836 | D:5      | Entered Level 5 of the Dungeon
  2842 | D:5      | Mangled by an ogre

Action                   |  1- 3 |  4- 6 || total
-------------------------+-------+-------++-------
Melee: Spear             |    18 |    18 ||    36
       Unarmed           |     1 |       ||     1
       Dagger            |       |     7 ||     7
 Cast: Flame Tongue      |    51 |    51 ||   102
       Conjure Flame     |       |     2 ||     2
  Use: Scroll            |     2 |     4 ||     6
       Potion            |       |     2 ||     2
 Stab: Sleeping          |     2 |     2 ||     4
  Eat: Chunk             |     1 |     5 ||     6
